AoeStats
← [CL] Al3jandr0.magn00

Arena

507366523Analyzed
4v4 RM · 14d ago on Sep 17, 2026· 58m 18s· 8 players
Game mode
Random Map
Map size
Large (8 player)
Population
200
Speed
Normal
Resources
Standard
Victory
Conquest
Starting age
Dark Age
Ending age
Imperial Age
RankedLock teamsTeams togetherTeam positionsShared explorationLock speedFull tech treeHidden civsTurbo modeCheats
Victory
Defeat
🇮🇹 Tatars · Italy
1668
+12
🇦🇷 Hindustanis · Argentina
1617
+14
🇳🇱 Malians · Netherlands
1551
+16
🇨🇿 Malay · Czechia
1543
+17
🇦🇷 Bengalis · Argentina
1691
-20
🇦🇷 Ethiopians · Argentina
1572
-15
🇦🇷 Sicilians · Argentina
1557
-14
🇦🇷 Magyars · Argentina
1440
-10
_94_ShaDoW_Arg
10:37 Feudal Age
10:49 Loom
14:42 Castle Age
12:45 Double-Bit Axe
14:32 Horse Collar
15:57 Bow Saw
15:48 Heavy Plow
18:55 Wheelbarrow
21:53 Hand Cart
21:24 Town Watch
23:52 Gold Mining
23:53 Stone Mining
28:14 Imperial Age
25:37 Fletching
25:48 Padded Archer Armor
26:23 Bodkin Arrow
27:25 Leather Archer Armor
27:04 Crossbowman
28:04 Fortified Wall
29:12 Thumb Ring
29:12 Bracer
28:46 Arbalester
30:46 Ring Archer Armor
30:54 Gold Shaft Mining
33:06 Conscription
34:01 Chemistry
33:21 Ballistics
34:08 Chemistry
34:15 Coinage
33:55 Guilds
34:27 Squires
34:13 Arson
34:39 Forging
34:29 Scale Mail Armor
36:13 Two-Man Saw
36:08 Iron Casting
36:20 Chain Mail Armor
36:07 Town Patrol
36:42 Caravan
36:11 Capped Ram
37:12 Siege Ram
39:00 Blast Furnace
38:50 Onager
40:20 Plate Mail Armor
39:54 Halberdier
40:40 Scale Barding Armor
41:26 Siege Engineers
41:12 Elite Skirmisher
50:42 Chain Barding Armor
53:26 Masonry
[CL] Al3jandr0.magn00
10:15 Feudal Age
14:04 Castle Age
12:23 Double-Bit Axe
12:25 Horse Collar
16:50 Wheelbarrow
22:29 Loom
23:33 Gold Mining
26:31 Imperial Age
24:41 Bow Saw
24:24 Fletching
25:23 Ballistics
25:07 Bodkin Arrow
27:18 Hand Cart
27:44 Bracer
29:47 Chemistry
29:29 Town Watch
30:01 Padded Archer Armor
30:34 Elite Elephant Archer
31:48 Paiks
32:04 Conscription
56:03 Bloodlines
55:53 Husbandry
__90_Squall_Arg
10:15 Feudal Age
9:56 Loom
14:27 Fletching
14:30 Town Watch
20:54 Castle Age
19:49 Double-Bit Axe
22:18 Horse Collar
24:20 Wheelbarrow
27:28 Bow Saw
27:44 Gold Mining
27:56 Heavy Plow
31:45 Imperial Age
29:59 Hand Cart
30:57 Gold Shaft Mining
30:59 Scale Mail Armor
31:51 Elite Serjeant
33:20 Chain Mail Armor
33:15 Forging
33:30 Stone Mining
34:35 Plate Mail Armor
34:08 Squires
33:53 Gambesons
33:53 Arson
34:58 Conscription
35:32 Iron Casting
35:42 Crop Rotation
36:34 First Crusade
37:20 Hauberk
38:31 Bloodlines
38:21 Husbandry
37:43 Cavalier
39:50 Blast Furnace
38:56 Scale Barding Armor
38:46 Light Cavalry
39:28 Pikeman
40:28 Halberdier
41:46 Bodkin Arrow
42:13 Chain Barding Armor
43:14 Bracer
43:55 Hoardings
45:34 Ballistics
46:14 Chemistry
47:19 Plate Barding Armor
46:57 Masonry
46:44 Murder Holes
48:58 Padded Archer Armor
53:54 Capped Ram
55:20 Siege Engineers
57:22 Siege Ram
__16_Bacalao_ARG
11:02 Feudal Age
14:46 Castle Age
12:41 Double-Bit Axe
12:48 Horse Collar
16:10 Bow Saw
17:57 Loom
20:23 Loom
21:19 Wheelbarrow
22:19 Loom
24:10 Gold Mining
25:45 Hand Cart
26:35 Scale Barding Armor
29:11 Imperial Age
26:43 Loom
28:08 Gold Shaft Mining
27:39 Heavy Plow
27:32 Stone Mining
28:02 Bloodlines
27:52 Husbandry
28:16 Chain Barding Armor
29:26 Cavalier
31:42 Plate Barding Armor
32:44 Paladin
42:30 Light Cavalry
43:35 Hussar
46:05 Pikeman
46:46 Scale Mail Armor
46:45 Halberdier
PetersCZ
10:04 Feudal Age
13:42 Castle Age
12:06 Double-Bit Axe
17:29 Bow Saw
19:01 Light Cavalry
21:57 Horse Collar
26:14 Forging
26:10 Scale Barding Armor
26:01 Loom
26:01 Town Watch
27:50 Wheelbarrow
30:51 Hand Cart
33:18 Imperial Age
32:43 Iron Casting
32:25 Gold Mining
36:32 Blast Furnace
35:29 Elite Battle Elephant
38:12 Chemistry
38:06 Fletching
38:16 Padded Archer Armor
38:03 Elite Skirmisher
39:00 Husbandry
49:14 Heavy Plow
52:25 Bodkin Arrow
53:49 Bracer
Kant be real
6:21 Loom
8:28 Feudal Age
10:07 Fletching
13:03 Wheelbarrow
12:21 Town Watch
22:21 Castle Age
20:17 Horse Collar
20:22 Double-Bit Axe
23:36 Bow Saw
23:50 Bodkin Arrow
29:48 Wheelbarrow
30:23 Scale Mail Armor
31:39 Chain Mail Armor
35:40 Imperial Age
33:05 Gold Mining
34:10 Forging
34:03 Squires
33:49 Arson
34:18 Masonry
35:28 Stone Mining
36:23 Padded Archer Armor
37:38 Chemistry
37:33 Leather Archer Armor
38:08 Conscription
39:30 Ring Archer Armor
42:37 Siege Engineers
47:02 Heavy Plow
Dott_Berlu
10:56 Feudal Age
14:40 Castle Age
13:02 Double-Bit Axe
12:57 Horse Collar
15:42 Bow Saw
16:18 Heavy Plow
17:28 Wheelbarrow
19:06 Loom
20:44 Gold Mining
26:17 Imperial Age
24:47 Fletching
25:38 Bodkin Arrow
26:39 Gold Shaft Mining
26:35 Bloodlines
26:57 Padded Archer Armor
27:14 Bracer
28:17 Ballistics
28:40 Husbandry
29:11 Elite Skirmisher
30:08 Padded Archer Armor
31:45 Chemistry
33:08 Hand Cart
34:58 Leather Archer Armor
34:55 Masonry
36:20 Stone Mining
36:16 Capped Ram
38:00 Conscription
38:11 Ring Archer Armor
37:32 Heavy Cavalry Archer
43:05 Siege Ram
45:01 Silk Armor
46:48 Crop Rotation
47:32 Siege Engineers
47:07 Treadmill Crane
49:47 Scale Barding Armor
49:53 Forging
49:49 Caravan
50:20 Coinage
53:32 Light Cavalry
55:10 Iron Casting
54:56 Chain Barding Armor
56:08 Chain Barding Armor
55:33 Hussar
58:16 Plate Barding Armor
Mandrake
11:09 Feudal Age
12:42 Double-Bit Axe
12:37 Horse Collar
15:23 Castle Age
16:40 Bow Saw
16:31 Heavy Plow
21:34 Wheelbarrow
21:43 Gold Mining
24:26 Hand Cart
23:57 Loom
23:58 Town Watch
28:01 Imperial Age
25:54 Scale Barding Armor
26:57 Chain Barding Armor
26:49 Bloodlines
26:40 Husbandry
27:20 Forging
28:46 Farimba
29:06 Conscription
28:10 Cavalier
29:27 Plate Barding Armor
30:46 Iron Casting
32:49 Light Cavalry
34:53 Caravan
38:36 Chemistry
41:41 Heavy Camel Rider
49:26 Town Patrol
58:08 Fletching
Connection lost

Rejoining the realm…

Still unreachable

The connection could not be restored.

Session expired

The server has moved on; the page needs a fresh start.